 Dungeon Crawl Stone Soup version 0.30-a0-591-g3c58d2bc28 (webtiles) character file.

Game seed: 5753518967645550958

2315 kae the Changer (level 9, 0/59 HPs)
             Began as a Demonspawn Transmuter on Jan 5, 2023.
             Slain by a vampire mosquito (9 damage)
             ... on level 7 of the Dungeon.
             The game lasted 00:06:53 (6921 turns).

kae the Changer (Demonspawn Transmuter)             Turns: 6921, Time: 00:06:53

Health: 0/59       AC:  6    Str: 12    XL:     9   Next: 18%
Magic:  16/16      EV: 12    Int: 16    God:
Gold:   299        SH:  5    Dex: 15    Spells: 8/18 levels left

rFire   . . .      SeeInvis .      - Unarmed
rCold   . . .      Faith    .    (no shield)
rNeg    . . .      Spirit   .    a - +1 robe
rPois   .          Reflect  +    (no helmet)
rElec   .          Harm     .    (no cloak)
rCorr   .          Rampage  .    (no gloves)
Will    .....                    (no boots)
Stlth   +                        t - amulet of reflection
HPRegen 0.29/turn                (no ring)
MPRegen 0.15/turn                (no ring)

@: studying Stealth
A: molten scales 2, demonic magic 1, demonic touch 2
a: no special abilities


You were on level 7 of the Dungeon.
You visited 2 branches of the dungeon, and saw 8 of its levels.

You collected 299 gold pieces.


Innate Abilities, Weirdness & Mutations

You are mostly covered in molten scales. (AC +3)
Spells you cast may paralyse adjacent enemies.
Your touch may inflict irresistible damage on your foes.


   Skills:
 - Level 1.0 Fighting
 - Level 1.7 Dodging
 + Level 5.6 Unarmed Combat
 + Level 5.3 Spellcasting
 * Level 7.3 Transmutations
 * Level 5.0 Ice Magic


You had 8 spell levels left.
You knew the following spells:

 Your Spells              Type           Power      Damage    Failure   Level
a - Beastly Appendage     Tmut           54%        N/A       1%          1
b - Wereblood             Tmut           27%        N/A       1%          2
c - Spider Form           Tmut/Pois      15%        N/A       10%         3
d - Ice Form              Ice/Tmut       23%        N/A       12%         4

Your spell library contained the following spells:

 Spells                   Type           Power      Damage    Failure   Level
 Passwall                 Tmut/Erth      12%        N/A       4%          2
 Sandblast                Erth           8%         2d5       16%         1
 Shock                    Conj/Air       16%        1d4       16%         1
 Blink                    Tloc           8%         N/A       22%         2
 Cigotuvi's Dreadful Rot  Necr/Pois/Air  8%         N/A       22%         2
 Momentum Strike          Conj/Tloc      8%         3d8       22%         2
 Poisonous Vapours        Pois/Air       8%         N/A       22%         2
 Lesser Beckoning         Tloc           8%         N/A       41%         3
 Mephitic Cloud           Conj/Pois/Air  4%         N/A       41%         3
 Stone Arrow              Conj/Erth      8%         3d7       41%         3
 Swiftness                Air            4%         N/A       41%         3
 Tukima's Dance           Hex            4%         N/A       41%         3
 Yara's Violent Unravell  Hex/Tmut       7%         3d5       67%         5
 Airstrike                Air            2%         2d(1-17)  83%         4
 Manifold Assault         Tloc           4%         N/A       83%         4
 Passage of Golubria      Tloc           4%         N/A       83%         4
 Storm Form               Tmut/Air       7%         N/A       100%        7

Inventory:

Missiles
 e - 48 stones
 p - 5 poisoned darts
 r - 2 throwing nets {=f!f}
 u - 6 boomerangs
Armour
 a - a +1 robe (worn)
Jewellery
 t - an amulet of reflection (around neck)
   (You found it on level 5 of the Dungeon)
 T - an amulet of faith {!P}
   (You found it on level 7 of the Dungeon)
Wands
 o - a wand of flame (14)
   (You found it on level 4 of the Dungeon)
 v - a wand of acid (8)
   (You found it on level 5 of the Dungeon)
 B - a wand of charming (14)
   (You found it on level 6 of the Dungeon)
 C - a wand of mindburst (14)
   (You took it off Pikel on level 6 of the Dungeon)
Scrolls
 d - 3 scrolls of enchant weapon
 h - 2 scrolls of teleportation {@r4}
 l - 2 scrolls of vulnerability {!r!r}
 m - 6 scrolls of identify {@r1}
 n - a scroll of immolation {!r!r}
 q - a scroll of amnesia
 w - a scroll of enchant armour
 A - 2 scrolls of magic mapping {!r}
Potions
 b - a potion of lignification {!q}
 c - 2 potions of flight
 f - 4 potions of curing {@q1}
 g - a potion of cancellation
 i - 2 potions of haste {@q3}
 j - a potion of magic
 k - a potion of heal wounds {@q2}
 s - 2 potions of resistance
 x - 2 potions of attraction {!q}
 z - a potion of invisibility
 D - a potion of brilliance

Dungeon Overview and Level Annotations

Branches:
Dungeon (7/15) Zot: 26833  Temple (1/1) D:6 Zot: 5700

Altars:
Ashenzari
Gozag
Hepliaklqana
Kikubaaqudgha
Makhleb
Nemelex Xobeh
Okawaru
Qazlal
Sif Muna
Trog
Uskayaw
Vehumet
Xom
Yredelemnul

Shops:
D:5

* ##########
#.>......#
#........#
#........#
######@.......###
#...).yyy........
....#####...######
# #..#.# ##y##.#
#y.##.#####..##.
##.###.......#...
####......#######.#
#...y.###.#
##....###.


You could see 3 vampire mosquitoes.


Message History

You are engulfed in a cloud of scalding steam.
* * * LOW HITPOINT WARNING * * *
😨 HP[-13]
You take 13 damage, and now have 33/70 hp.
You are engulfed in a cloud of scalding steam.
* * * LOW HITPOINT WARNING * * *
😨 HP[-11]
You take 11 damage, and now have 22/70 hp.
You feel much better.
You are engulfed in a cloud of scalding steam.
A kobold brigand and a kobold come into view.
The kobold brigand is wielding a +0 club and quivering curare-tipped darts. 😮 HP[+18]
You regained 18 hp, and now have 40/70 hp.
The kobold brigand shouts!
The kobold shouts!
You hear an angry buzzing noise.
You barely miss the steam dragon.
The kobold throws a stone.
The stone hits you but does no damage. The steam dragon bites you!
* * * LOW HITPOINT WARNING * * *
The steam dragon barely misses you. 😨 HP[-7]
You take 7 damage, and now have 33/70 hp.
You hit the steam dragon but do no damage.
A vampire mosquito comes into view.
The steam dragon breathes steam at you. The ball of steam misses you.
You hear an angry buzzing noise. x2
You punch the steam dragon! You freeze the steam dragon.
You are engulfed in a cloud of scalding steam.
* * * LOW HITPOINT WARNING * * *
😨 HP[-1]
You take 1 damage, and now have 32/70 hp.
Unknown command.
You hit the steam dragon. You freeze the steam dragon.
You block the steam dragon's attack.
The steam dragon claws you but does no damage.
Unknown command.
You barely miss the steam dragon.
You are engulfed in a cloud of scalding steam.
* * * LOW HITPOINT WARNING * * *
A vampire mosquito comes into view.
The kobold barely misses you.
A kobold comes into view. It is wielding a +0 dagger.
The steam dragon bites you.
* * * LOW HITPOINT WARNING * * *
The steam dragon claws you but does no damage.
The kobold throws a stone.
You reflect the stone off an invisible shield around you!
The stone hits the kobold. 😨 HP[-8]
You take 8 damage, and now have 24/70 hp.
Unknown command.
The steam dragon attacks as you move away!
The steam dragon bites you.
* * * LOW HITPOINT WARNING * * *
The steam dragon claws you but does no damage. 😨 HP[-1]
You take 1 damage, and now have 23/70 hp.
Unknown command.
As you read the scroll of fear, it crumbles to dust.
You assume a fearsome visage.
The vampire mosquito is unaffected.
The vampire mosquito is unaffected.
The steam dragon looks frightened!
The kobold brigand looks frightened!
The kobold looks frightened!
The kobold shouts!
The kobold looks frightened! x2
You hear an angry buzzing noise.
The kobold brigand mutters, "Of all the rotten luck!"
A vampire mosquito comes into view.
The vampire mosquito misses you. 😨 HP[+1]
Your transformation is almost over.
A vampire mosquito comes into view.
The vampire mosquito closely misses you.
The vampire mosquito barely misses you. 😨 HP[+1]
The vampire mosquito bites you.
* * * LOW HITPOINT WARNING * * *
The vampire mosquito draws strength from your injuries! 😨 HP[-6]
You take 6 damage, and now have 19/70 hp.
The vampire mosquito attacks as you move away!
The vampire mosquito barely misses you.
The vampire mosquito closely misses you.
The vampire mosquito attacks as you move away!
The vampire mosquito bites you but does no damage. 😨 HP[+1]
The vampire mosquito bites you but does no damage.
The vampire mosquito bites you!
* * * LOW HITPOINT WARNING * * *
The vampire mosquito draws strength from your injuries!
There is a stone staircase leading up here. 😱 HP[-10]
You take 10 damage, and now have 10/70 hp.
You warm up again.
Your +1 robe unmelds from your body.
The vampire mosquito bites you but does no damage.
You block the vampire mosquito's attack.
The vampire mosquito bites you!
You die...

Skill      XL: |  1  2  3  4  5  6  7  8 |
---------------+-------------------------+-----
Transmutations | 2 3 4 5 7 |  7.3
Unarmed Combat | 3 4 5 |  5.6
Spellcasting   | 3 4 5 |  5.3
Ice Magic      | 2 3 5 |  5.0
Fighting       | |  1.0
Dodging        | |  1.7

Action                   |  1- 3 |  4- 6 |  7- 9 || total
-------------------------+-------+-------+-------++-------
Melee: Unarmed           |    53 |   148 |   212 ||   413
       Kick              |    10 |    14 |       ||    24
       Headbutt          |     4 |     4 |       ||     8
       Touch             |     6 |     9 |       ||    15
       Punch             |       |     1 |       ||     1
 Cast: Beastly Appendage |    17 |    15 |       ||    32
       Spider Form       |     3 |    11 |    22 ||    36
       Wereblood         |       |     1 |     4 ||     5
       Ice Form          |       |     1 |     9 ||    10
 Abil: End Transformatio |       |     1 |       ||     1
  Use: Scroll            |     5 |     6 |     7 ||    18
       Potion            |       |     4 |     2 ||     6
 Stab: Sleeping          |     1 |       |     1 ||     2
       Paralysed         |       |     5 |     2 ||     7
Armor: Robe              |     5 |    33 |     1 ||    39
       Skin              |       |     7 |    30 ||    37
Dodge: Dodged            |    36 |    82 |   165 ||   283
Block: Other             |       |       |    11 ||    11
       Reflection        |       |       |     1 ||     1

Levels and vault maps discovered:
D:1:      minmay_arrival_five_plusses, layout_loops_ring,
          hellmonk_ecumenical_altar_heavens_door
D:2:      layout_loops_ring, basic_altar, uniq_sigmund
D:3:      layout_loops_ring, tgw_trog, hangedman_decor_lopped,
          kennysheep_decorative_pillar, wad_orctagon
D:4:      layout_rooms, minmay_manual_mess
D:5:      layout_loops_corners, serial_shops, shop, minmay_misc_feat_pillars,
          guppyfry_early_lair_pool
D:6:      layout_basic, temple_fountains, minmay_misc_feat_rows, uniq_pikel
D:7:      layout_rooms, serial_shops, shop
Temple:   regret_index_temple_waves

Notes
Turn   | Place    | Note
-------+----------+-------------------------------------------
     0 | D:1      | kae the Demonspawn Transmuter began the quest for the Orb.
     0 | D:1      | Reached XP level 1. HP: 15/15 MP: 3/3
     0 | D:1      | magus.rc [v1.11.3]
    86 | D:1      | Reached skill level 2 in Transmutations
   124 | D:1      | Gained mutation: Your touch may inflict minor irresistible
                  | damage on your foes. [demonic ancestry]
   124 | D:1      | Reached XP level 2. HP: 19/21 MP: 3/5
   339 | D:1      | You pick up a book of Spatial Translocations and begin
                  | reading...
   339 | D:1      | You add the spells Blink, Momentum Strike and Lesser
                  | Beckoning to your library.
   556 | D:1      | Found a faded altar of an unknown god.
   782 | D:2      | Reached skill level 3 in Unarmed Combat
   816 | D:2      | Noticed Sigmund
   842 | D:1      | HP: 5/21 [poisoned by an adder]
   844 | D:1      | Gained mutation: You are partially covered in molten
                  | scales. (AC +2) [demonic ancestry]
   844 | D:1      | Reached XP level 3. HP: 7/26 MP: 4/6
   925 | D:1      | Learned a level 3 spell: Spider Form
   929 | D:1      | Learned a level 2 spell: Wereblood
  1008 | D:2      | Killed Sigmund
  1009 | D:2      | Reached skill level 3 in Spellcasting
  1009 | D:2      | Reached skill level 3 in Transmutations
  1009 | D:2      | Reached XP level 4. HP: 14/32 MP: 4/8
  1009 | D:2      | Gained mutation: Spells you cast may paralyse adjacent
                  | enemies. [demonic ancestry]
  1009 | D:2      | Reached XP level 5. HP: 16/37 MP: 4/9
  1398 | D:2      | Reached skill level 4 in Transmutations
  1461 | D:2      | You pick up a book of Air and begin reading...
  1461 | D:2      | You add the spells Shock, Swiftness and Airstrike to your
                  | library.
  1514 | D:2      | Reached XP level 6. HP: 26/43 MP: 7/10
  1519 | D:2      | Learned a level 4 spell: Ice Form
  2640 | D:3      | Noticed a moth of wrath
  2643 | D:3      | Found a bloodstained altar of Trog.
  2891 | D:3      | Reached skill level 1 in Ice Magic
  3222 | D:4      | Reached skill level 4 in Unarmed Combat
  3377 | D:4      | Noticed a hornet
  3395 | D:4      | Paralysed by a hornet for 3 turns
  3403 | D:4      | HP: 13/64 [hornet (6)]
  3404 | D:4      | HP: 1/64 [hornet (12)]
  3406 | D:4      | Killed a hornet
  3407 | D:4      | Reached skill level 5 in Transmutations
  3407 | D:4      | Reached skill level 2 in Ice Magic
  3407 | D:4      | Gained mutation: Your touch may inflict irresistible damage
                  | on your foes. [demonic ancestry]
  3407 | D:4      | Reached XP level 7. HP: 2/48 MP: 12/12
  4110 | D:5      | Entered Level 5 of the Dungeon
  4255 | D:5      | You pick up a book of Vapours and begin reading...
  4255 | D:5      | You add the spells Poisonous Vapours, Cigotuvi's Dreadful
                  | Rot and Mephitic Cloud to your library.
  4288 | D:5      | Reached skill level 4 in Spellcasting
  4339 | D:5      | Reached skill level 3 in Ice Magic
  4535 | D:5      | Gained mutation: You are mostly covered in molten scales.
                  | (AC +3) [demonic ancestry]
  4535 | D:5      | Reached XP level 8. HP: 54/54 MP: 14/14
  4584 | D:5      | You pick up a book of Vapours and begin reading...
  4912 | D:5      | Found Zets's General Store.
  5343 | D:6      | Found a staircase to the Ecumenical Temple.
  5354 | D:6      | HP: 5/54 [ogre/+0 giant club (24)]
  5361 | Temple   | Entered the Ecumenical Temple
  5690 | D:6      | Reached skill level 4 in Ice Magic
  5751 | D:6      | Reached skill level 6 in Transmutations
  5759 | D:6      | You add the spells Tukima's Dance, Passage of Golubria and
                  | Yara's Violent Unravelling to your library.
  5883 | D:6      | Noticed Pikel
  5900 | D:6      | Killed Pikel
  5901 | D:6      | Reached skill level 5 in Unarmed Combat
  6056 | D:6      | Reached skill level 5 in Ice Magic
  6075 | D:6      | You pick up a book of Geomancy and begin reading...
  6075 | D:6      | You add the spells Sandblast, Passwall and Stone Arrow to
                  | your library.
  6093 | D:6      | You add the spells Manifold Assault and Storm Form to your
                  | library.
  6331 | D:6      | Reached skill level 5 in Spellcasting
  6361 | D:6      | Reached skill level 7 in Transmutations
  6361 | D:6      | Reached XP level 9. HP: 45/59 MP: 12/16
  6920 | D:7      | HP: 10/70 [vampire mosquito (10)]
  6921 | D:7      | Slain by a vampire mosquito

Vanquished Creatures
  Pikel (D:6)
  A hornet (D:4)
  Sigmund (D:2)
  A water moccasin (D:7)
  An ice beast (D:6)
  2 black bears (D:6)
  An ogre (D:6)
  2 phantoms (D:5)
  2 necrophages
  A bullfrog (D:6)
  3 scorpions
  A jelly (D:6)
  3 hounds
  An iguana (D:5)
  16 gnolls
  11 adders
  A white imp (D:6)
  An ufetubus (D:5)
  3 dart slugs
  3 worms
  18 orcs
  13 ball pythons
  2 bats
  3 endoplasms
  2 giant cockroaches
  10 goblins
  3 hobgoblins
  A jackal (D:4)
  4 quokkas
  3 frilled lizards
  7 kobolds
  8 rats
130 creatures vanquished.

Vanquished Creatures (others)
  2 plants (D:5)
2 creatures vanquished.

Grand Total: 132 creatures vanquished

Table legend:
 A = Non-vault XP
 B = Vault XP
 C = Vault XP percentage of total XP
 D = Non-vault monster count
 E = Vault monster count
 F = Vault count percentage of total count
                 A         B        C        D         E       F
            +---------+---------+-------+---------+---------+-------
      Total |    2050 |    1258 |  38.0 |     112 |      18 |  13.8
            +---------+---------+-------+---------+---------+-------
        D:1 |      44 |       0 |   0.0 |      19 |       0 |   0.0
        D:2 |     122 |     223 |  64.6 |      20 |       1 |   4.8
        D:3 |      95 |      20 |  17.4 |      18 |       9 |  33.3
        D:4 |     136 |     350 |  72.0 |      15 |       6 |  28.6
        D:5 |     576 |      14 |   2.4 |      23 |       1 |   4.2
        D:6 |     929 |     651 |  41.2 |      15 |       1 |   6.2
        D:7 |     148 |       0 |   0.0 |       2 |       0 |   0.0
            +---------+---------+-------+---------+---------+-------

Illustrated notes

Table legend:
 A = Kills in this place as a percentage of kills in entire the game.
 B = Kills by you in this place as a percentage of kills by you in the entire game.
 C = Kills by friends in this place as a percentage of kills by friends in the entire game.
 D = Other kills in this place as a percentage of other kills in the entire game.
 E = Experience gained in this place as a percentage of experience gained in the entire game.
 F = Experience gained in this place divided by the number of levels of this place that you have seen.
                   A       B       C       D       E      F
               +-------+-------+-------+-------+-------+----------------------
         Total | 100.0 | 100.0 |   N/A |   N/A | 100.0 | 413.5
       Dungeon | 100.0 | 100.0 |   N/A |   N/A | 100.0 | 472.6
               +-------+-------+-------+-------+-------+----------------------

Table legend: (Time is in decaauts)
 A = Elapsed time spent in this place.
 B = Non-inter-level travel time spent in this place.
 C = Inter-level travel time spent in this place.
 D = Time resting spent in this place.
 E = Time spent auto-exploring this place.
 F = Levels seen in this place.
 G = Mean time per level.
                   A        B        C        D        E       F      G
               +--------+--------+--------+--------+--------+-----+--------+
         Total |   6876 |   6633 |    243 |    243 |   5219 |   8 |  859.5 |
       Dungeon |   6576 |   6403 |    173 |    243 |   5006 |   7 |  939.4 |
        Temple |    299 |    229 |     70 |      0 |    213 |   1 |  299.0 |
               +--------+--------+--------+--------+--------+-----+--------+

Top non-repeatable levels by time:
     D:5: 1226 daAuts
     D:2: 1220 daAuts
     D:6: 1103 daAuts
     D:3: 1062 daAuts
     D:1: 926 daAuts
     D:4: 871 daAuts
  Temple: 299 daAuts
     D:7: 165 daAuts
